MID
WEST MICHIGAN WHITECAPS @ CHARLESTON RIVERDOGS
06/02/2048
 
TOP OF THE 1ST
West Michigan Whitecaps batting - Pitching for Charleston RiverDogs : RHP Bobby Kosmicki
Pitching: RHP Bobby Kosmicki
Batting: SHB Willie Medina 0-0: Swinging Strike
0-1: Called Strike
0-2: Ball
1-2: Strikes out swinging
Batting: LHB George Moran 0-0: Foul Ball, location: 2F
0-1: Ball
1-1: Ball
2-1: Foul Ball, location: 2F
2-2: Ball
3-2: Strikes out looking
Batting: LHB Dave Carlisle 0-0: Ball
1-0: Foul Ball, location: 2F
1-1: Fly out, F8 (Flyball, 89D, EV 101.9 MPH)
Top of the 1st over - 0 runs, 0 hits, 0 errors, 0 left on base; West Michigan 0 - Charleston 0
BOTTOM OF THE 1ST
Charleston RiverDogs batting - Pitching for West Michigan Whitecaps : RHP Jared Barger
Pitching: RHP Jared Barger
Batting: LHB Justin O'Neal 0-0: Ball
1-0: Foul Ball, location: 2F
1-1: Ground out 4-3 (Groundball, 4M, EV 89.4 MPH)
Batting: SHB Corey Penson 0-0: Ball
1-0: SINGLE (Groundball, 56D, EV 106.2 MPH)
Batting: LHB Steve LeGrand 0-0: Swinging Strike
0-1: Fielders Choice at 2nd, 4-6 (Groundball, 4, EV 85.0 MPH)
Batting: RHB Jonathan Iniguez 0-0: Ball
1-0: Called Strike
1-1: Ball
Passed Ball!
Steve LeGrand to second
2-1: Called Strike
2-2: Strikes out looking
Bottom of the 1st over - 0 runs, 1 hit, 0 errors, 1 left on base; West Michigan 0 - Charleston 0
TOP OF THE 2ND
West Michigan Whitecaps batting - Pitching for Charleston RiverDogs : RHP Bobby Kosmicki
Batting: LHB Jamie Christian 0-0: Foul Ball, location: 2F
0-1: Swinging Strike
0-2: Foul Ball, location: 2F
0-2: Ball
1-2: Ball
2-2: Strikes out swinging
Batting: RHB Jon Goldstein 0-0: Ball
1-0: Foul Ball, location: 2F
1-1: Ball
2-1: Foul Ball, location: 2F
2-2: Foul Ball, location: 2F
2-2: Strikes out swinging
Batting: RHB German Quiroga 0-0: Swinging Strike
0-1: Called Strike
0-2: Foul Ball, location: 2F
0-2: Ball
1-2: Strikes out swinging
Top of the 2nd over - 0 runs, 0 hits, 0 errors, 0 left on base; West Michigan 0 - Charleston 0
BOTTOM OF THE 2ND
Charleston RiverDogs batting - Pitching for West Michigan Whitecaps : RHP Jared Barger
Batting: RHB Iften Olujimi 0-0: Ball
1-0: Called Strike
1-1: Foul Ball, location: 2F
1-2: Ground out 6-3 (Groundball, 6S, EV 92.5 MPH)
Batting: RHB Bill Nguyen-Tan 0-0: Ball
1-0: Ball
2-0: Foul Ball, location: 2F
2-1: Ball
3-1: Foul Ball, location: 2F
3-2: Base on Balls
Batting: RHB Mike Zern 0-0: Foul Ball, location: 2F
0-1: Ground out 5-3 (Groundball, 56S, EV 69.4 MPH)
Bill Nguyen-Tan to second
Batting: RHB Matt Alderson 0-0: Called Strike
0-1: Fly out, F8 (Flyball, 8LM, EV 91.9 MPH)
Bottom of the 2nd over - 0 runs, 0 hits, 0 errors, 1 left on base; West Michigan 0 - Charleston 0
TOP OF THE 3RD
West Michigan Whitecaps batting - Pitching for Charleston RiverDogs : RHP Bobby Kosmicki
Batting: RHB Scott Carr 0-0: Foul Ball, location: 2F
0-1: Ball
1-1: Ball
2-1: Called Strike
2-2: Ground out 5-3 (Groundball, 5L, EV 88.1 MPH)
Batting: RHB Joe Zimmerman 0-0: Ball
1-0: Foul Ball, location: 2F
1-1: Ball
2-1: SOLO HOME RUN (Flyball, 9LD, EV 93.8 MPH), Distance : 358 ft
Batting: RHB Tony Murray 0-0: SINGLE (Groundball, 34D, EV 103.1 MPH)
Batting: SHB Willie Medina 0-0: Called Strike
0-1: Foul Ball, location: 2F
0-2: Fielders Choice at 2nd, 6-4 (Groundball, 6, EV 78.1 MPH)
Batting: LHB George Moran 0-0: Reached via error on a dropped throw from 2B, E3 (Groundball, 4, EV 83.1 MPH)
Willie Medina to second
Batting: LHB Dave Carlisle 0-0: Ball
1-0: Ball
George Moran steals 2nd base
Willie Medina steals 3rd base
2-0: Ball
3-0: Base on Balls
Batting: LHB Jamie Christian 0-0: Fielders Choice at 2nd, 5-4 (Groundball, 56, EV 82.5 MPH)
Top of the 3rd over - 1 run, 2 hits, 1 error, 3 left on base; West Michigan 1 - Charleston 0
BOTTOM OF THE 3RD
Charleston RiverDogs batting - Pitching for West Michigan Whitecaps : RHP Jared Barger
Batting: RHB Louwe Starmans 0-0: Fly out, F9 (Flyball, 89M, EV 80.0 MPH)
Batting: LHB Justin O'Neal 0-0: Called Strike
0-1: SINGLE (Groundball, 4MD, EV 106.9 MPH)
Batting: SHB Corey Penson 0-0: Ball
1-0: Ball
2-0: Foul Ball, location: 2F
Pickoff Throw to First - Out! 1-3
2-1: Foul Ball, location: 2F
2-2: Ball
3-2: SINGLE (Groundball, 6D, EV 103.1 MPH)
Batting: LHB Steve LeGrand 0-0: Ball
1-0: Called Strike
1-1: Called Strike
1-2: Fly out, F8 (Flyball, 8LD, EV 85.0 MPH)
Bottom of the 3rd over - 0 runs, 2 hits, 0 errors, 1 left on base; West Michigan 1 - Charleston 0
TOP OF THE 4TH
West Michigan Whitecaps batting - Pitching for Charleston RiverDogs : RHP Bobby Kosmicki
Batting: RHB Jon Goldstein 0-0: Called Strike
0-1: Fly out, F8 (Flyball, 8LXD, EV 87.5 MPH)
Batting: RHB German Quiroga 0-0: Ball
1-0: Fly out, F9 (Flyball, 9, EV 91.9 MPH)
Batting: RHB Scott Carr 0-0: Swinging Strike
0-1: Ball
1-1: Swinging Strike
1-2: Foul Ball, location: 2F
1-2: Strikes out looking
Top of the 4th over - 0 runs, 0 hits, 0 errors, 0 left on base; West Michigan 1 - Charleston 0
BOTTOM OF THE 4TH
Charleston RiverDogs batting - Pitching for West Michigan Whitecaps : RHP Jared Barger
Batting: RHB Jonathan Iniguez 0-0: Fly out, F8 (Flyball, 8RM, EV 76.2 MPH)
Batting: RHB Iften Olujimi 0-0: Called Strike
0-1: Foul Ball, location: 2F
0-2: Foul Ball, location: 2F
0-2: Ball
1-2: Ball
2-2: Strikes out swinging
Batting: RHB Bill Nguyen-Tan 0-0: Called Strike
0-1: SINGLE (Groundball, 56D, EV 106.2 MPH)
Batting: RHB Mike Zern 0-0: Called Strike
0-1: Ball
1-1: Ball
Bill Nguyen-Tan is caught stealing 2nd base 2-4
Bottom of the 4th over - 0 runs, 1 hit, 0 errors, 0 left on base; West Michigan 1 - Charleston 0
TOP OF THE 5TH
West Michigan Whitecaps batting - Pitching for Charleston RiverDogs : RHP Bobby Kosmicki
Batting: RHB Joe Zimmerman 0-0: Foul Ball, location: 2F
0-1: Ball
1-1: Swinging Strike
1-2: Ball
2-2: Strikes out swinging
Batting: RHB Tony Murray 0-0: Ball
1-0: Foul Ball, location: 2F
1-1: SINGLE (Groundball, 6, EV 99.4 MPH)
Batting: SHB Willie Medina 0-0: Called Strike
0-1: Called Strike
0-2: Foul Ball, location: 2F
0-2: DOUBLE (Line Drive, 78D, EV 108.8 MPH)
Tony Murray to third
Batting: LHB George Moran 0-0: Fly out, F7 (Flyball, 7D, EV 101.2 MPH)
Runner from 3rd tags up, SCORES, no throw by LF
Willie Medina to third
Batting: LHB Dave Carlisle 0-0: Called Strike
0-1: Foul Ball, location: 2F
0-2: Ball
1-2: Ground out U3 (Groundball, 3L, EV 80.0 MPH)
Top of the 5th over - 1 run, 2 hits, 0 errors, 1 left on base; West Michigan 2 - Charleston 0
BOTTOM OF THE 5TH
Charleston RiverDogs batting - Pitching for West Michigan Whitecaps : RHP Jared Barger
Batting: RHB Mike Zern 0-0: Ball
1-0: Ball
2-0: Called Strike
2-1: Foul Ball, location: 2F
2-2: Ball
3-2: Foul Ball, location: 2F
3-2: Strikes out swinging
Batting: RHB Matt Alderson 0-0: Ball
1-0: Ball
2-0: Ball
3-0: Called Strike
3-1: Base on Balls
Batting: RHB Louwe Starmans 0-0: Called Strike
Matt Alderson is caught stealing 2nd base 2-4
0-1: Ball
1-1: Foul Ball, location: 2F
1-2: Strikes out swinging
Bottom of the 5th over - 0 runs, 0 hits, 0 errors, 0 left on base; West Michigan 2 - Charleston 0
TOP OF THE 6TH
West Michigan Whitecaps batting - Pitching for Charleston RiverDogs : RHP Bobby Kosmicki
Batting: LHB Jamie Christian 0-0: Ground out 6-3 (Groundball, 6, EV 103.1 MPH)
Batting: RHB Jon Goldstein 0-0: Ball
1-0: Ball
2-0: Swinging Strike
2-1: Called Strike
2-2: SOLO HOME RUN (Flyball, 7D, EV 112.5 MPH), Distance : 427 ft
Batting: RHB German Quiroga 0-0: Fly out, F9 (Flyball, 9D, EV 101.2 MPH)
Batting: RHB Scott Carr 0-0: Called Strike
0-1: Ball
1-1: Ground out 5-3 (Groundball, 56, EV 91.2 MPH)
Top of the 6th over - 1 run, 1 hit, 0 errors, 0 left on base; West Michigan 3 - Charleston 0
BOTTOM OF THE 6TH
Charleston RiverDogs batting - Pitching for West Michigan Whitecaps : RHP Jared Barger
Batting: LHB Justin O'Neal 0-0: Ball
1-0: Ball
2-0: Ball
3-0: Called Strike
3-1: Foul Ball, location: 2F
3-2: Fly out, F7 (Line Drive, 7D, EV 91.2 MPH)
Pitching: LHP Chris Thomas
Batting: SHB Corey Penson 0-0: Hit by Pitch
Batting: LHB Steve LeGrand 0-0: Swinging Strike
0-1: Ball
Corey Penson is caught stealing 2nd base 2-6
1-1: Foul Ball, location: 2F
1-2: Ball
2-2: Fly out, F8 (Flyball, 8LD, EV 95.6 MPH)
Bottom of the 6th over - 0 runs, 0 hits, 0 errors, 0 left on base; West Michigan 3 - Charleston 0
TOP OF THE 7TH
West Michigan Whitecaps batting - Pitching for Charleston RiverDogs : RHP Bobby Kosmicki
Batting: RHB Joe Zimmerman 0-0: Ball
1-0: Ball
2-0: Ball
3-0: Base on Balls
Pitching: RHP Mike Pickens
Batting: RHB Tony Murray 0-0: Ball
1-0: Called Strike
1-1: Swinging Strike
1-2: Ball
2-2: Foul Ball, location: 2F
2-2: Ball
3-2: Base on Balls
Joe Zimmerman to second
Batting: SHB Willie Medina 0-0: Ball
1-0: Bunted foul
1-1: Sac Bunt to 15S - play at first, batter OUT! 1-4
Joe Zimmerman to third
Tony Murray to second
Batting: LHB George Moran 0-0: Ball
1-0: Ball
2-0: Ball
3-0: SINGLE (Groundball, 4MD, EV 101.2 MPH)
Joe Zimmerman scores
Tony Murray to third
Runner from 3rd tries for Home, SAFE, throw by CF to home
George Moran to second
Batting: LHB Dave Carlisle 0-0: Ball
George Moran steals 3rd base (no throw)
1-0: Foul Ball, location: 2F
1-1: Ball
2-1: Called Strike
2-2: Strikes out swinging
Batting: LHB Jamie Christian 0-0: Ball
1-0: Called Strike
1-1: Hit by Pitch
Pitching: RHP Michel van Kampen
Batting: RHB Jon Goldstein 0-0: Foul Ball, location: 2F
0-1: Foul Ball, location: 2F
0-2: Strikes out swinging
Top of the 7th over - 2 runs, 1 hit, 0 errors, 2 left on base; West Michigan 5 - Charleston 0
BOTTOM OF THE 7TH
Charleston RiverDogs batting - Pitching for West Michigan Whitecaps : LHP Chris Thomas
Batting: RHB Jonathan Iniguez 0-0: Ball
1-0: Ball
2-0: Called Strike
2-1: Called Strike
2-2: Ground out 6-3 (Groundball, 6M, EV 108.1 MPH)
Batting: RHB Iften Olujimi 0-0: Foul Ball, location: 2F
0-1: Foul Ball, location: 2F
0-2: Ball
1-2: Foul Ball, location: 2F
1-2: Ball
2-2: Ball
3-2: Ground out 6-3 (Groundball, 6, EV 103.8 MPH)
Batting: RHB Bill Nguyen-Tan 0-0: Ball
1-0: Foul Ball, location: 2F
1-1: Swinging Strike
1-2: Ball
2-2: Foul Ball, location: 2F
2-2: Foul Ball, location: 2F
2-2: Foul Ball, location: 2F
2-2: Strikes out swinging
Bottom of the 7th over - 0 runs, 0 hits, 0 errors, 0 left on base; West Michigan 5 - Charleston 0
TOP OF THE 8TH
West Michigan Whitecaps batting - Pitching for Charleston RiverDogs : RHP Michel van Kampen
Batting: RHB German Quiroga 0-0: Ball
1-0: Foul Ball, location: 2F
1-1: Ball
2-1: Ball
3-1: Base on Balls
Batting: RHB Scott Carr 0-0: Foul Ball, location: 2F
0-1: Called Strike
German Quiroga is caught stealing 2nd base 2-4
0-2: Ball
1-2: Strikes out swinging, 2-3 out at first.
Batting: RHB Joe Zimmerman 0-0: Fly out, F6 (Line Drive, 6, EV 71.2 MPH)
Top of the 8th over - 0 runs, 0 hits, 0 errors, 0 left on base; West Michigan 5 - Charleston 0
BOTTOM OF THE 8TH
Charleston RiverDogs batting - Pitching for West Michigan Whitecaps : LHP Chris Thomas
Batting: RHB Mike Zern 0-0: Ball
1-0: Foul Ball, location: 2F
1-1: Swinging Strike
1-2: Foul Ball, location: 2F
1-2: Strikes out swinging
Batting: RHB Matt Alderson 0-0: Foul Ball, location: 2F
0-1: Swinging Strike
0-2: Strikes out looking
Batting: RHB Louwe Starmans 0-0: Ball
1-0: Swinging Strike
1-1: Foul Ball, location: 2F
1-2: Fly out, F8 (Line Drive, 8LM, EV 86.2 MPH)
Bottom of the 8th over - 0 runs, 0 hits, 0 errors, 0 left on base; West Michigan 5 - Charleston 0
TOP OF THE 9TH
West Michigan Whitecaps batting - Pitching for Charleston RiverDogs : RHP Michel van Kampen
Batting: RHB Tony Murray 0-0: Ball
1-0: Called Strike
1-1: Ball
2-1: Fly out, F7 (Flyball, 78M, EV 96.2 MPH)
Batting: SHB Willie Medina 0-0: Ball
1-0: Foul Ball, location: 2F
1-1: Foul Ball, location: 2F
1-2: Ball
2-2: Ball
3-2: Foul Ball, location: 2F
3-2: Foul Ball, location: 2F
3-2: Strikes out swinging
Batting: LHB George Moran 0-0: Foul Ball, location: 2F
0-1: Foul Ball, location: 2F
0-2: Ball
1-2: Ball
2-2: Ball
3-2: Foul Ball, location: 2F
3-2: Foul Ball, location: 2F
3-2: Base on Balls
Pitching: RHP Austin Trzcinski
Batting: LHB Dave Carlisle 0-0: Ball
George Moran steals 2nd, throwing error, E2
George Moran to third
1-0: Ball
Wild Pitch!
George Moran scores
2-0: SINGLE (Line Drive, 34D, EV 101.9 MPH)
Batting: LHB Jamie Christian 0-0: Ball
Dave Carlisle steals 2nd, throwing error, E2
Dave Carlisle to third
1-0: SINGLE (Groundball, 56S, EV 63.8 MPH) (infield hit)
Dave Carlisle scores
Batting: RHB Jon Goldstein 0-0: Ball
1-0: Fly out, F8 (Line Drive, 78M, EV 95.6 MPH)
Top of the 9th over - 2 runs, 2 hits, 2 errors, 1 left on base; West Michigan 7 - Charleston 0
BOTTOM OF THE 9TH
Charleston RiverDogs batting - Pitching for West Michigan Whitecaps : LHP Chris Thomas
Pinch Hitting: RHB John Sprenkel 0-0: Swinging Strike
0-1: Foul Ball, location: 2F
0-2: Foul Ball, location: 2F
0-2: Hit by Pitch
Pitching: RHP T.J. McCullough
Pinch Hitting: RHB Francisco Aguayo 0-0: Ball
1-0: SINGLE (Line Drive, 56, EV 105.6 MPH)
John Sprenkel to second
Pinch Hitting: RHB Francisco Vargas 0-0: Ball
1-0: Ball
2-0: SINGLE (Groundball, 6S, EV 71.2 MPH) (infield hit)
John Sprenkel to third
Francisco Aguayo to second
Pinch Hitting: LHB Dale Anderson 0-0: Ball
1-0: Swinging Strike
1-1: Foul Ball, location: 2F
1-2: Foul Ball, location: 2F
1-2: Strikes out swinging
Batting: LHB Jeremiah Walker 0-0: Ball
1-0: Fly out, F8 (Line Drive, 8RM, EV 85.0 MPH)
Pinch Hitting: RHB Graham Murphy 0-0: Ball
1-0: Fielders Choice at 2nd, 6-4 (Groundball, 6, EV 88.1 MPH)
Bottom of the 9th over - 0 runs, 2 hits, 0 errors, 3 left on base; West Michigan 7 - Charleston 0
Tuesday, March 28th , 2023 - OOTP Baseball 23.10 Build 110